1938 views
Uploaded 2022-10-26 01:05:39
Game version 1.33
54:57 long 3on3 ladder game on (6)TimbermawHold
Saved by GIGA
1938 views
Uploaded 2022-10-26 01:05:39
Game version 1.33
54:57 long 3on3 ladder game on (6)TimbermawHold


281 units @ 42.9k
/ 7.2k
149 buildings @ 18.5k
/ 9.7k



x1)
| Scroll of Town Portal | 2 | 700 |
| Tome of Retraining | 1 | 300 |
| Potion of Lesser Invulnerability | 1 | 150 |
| Staff of Teleportation | 1 | 150 |
| total: | 5 | 1300g |
| Peasant | 17 | 1275 | / | 0 |
| Footman | 6 | 810 | / | 0 |
| Mortar Team | 1 | 180 | / | 70 |
| Priest | 6 | 810 | / | 60 |
| Sorceress | 11 | 1705 | / | 220 |
| Flying Machine | 26 | 2600 | / | 780 |
| Wisp | 10 | 600 | / | 0 |
| total: | 77 | 7980g | / | 1130w |
| Scout Tower | 51 | 1530 | / | 1020 |
| Arcane Tower | 9 | 630 | / | 450 |
| Guard Tower | 22 | 1540 | / | 1100 |
| Farm | 8 | 640 | / | 160 |
| Altar of Kings | 1 | 180 | / | 50 |
| Barracks | 1 | 160 | / | 60 |
| Lumber Mill | 1 | 120 | / | 0 |
| Town Hall | 7 | 2695 | / | 1435 |
| Blacksmith | 1 | 140 | / | 60 |
| Workshop | 2 | 280 | / | 280 |
| Arcane Sanctum | 1 | 150 | / | 140 |
| Keep | 2 | 640 | / | 420 |
| Castle | 1 | 360 | / | 210 |
| Ancient Protector | 1 | 135 | / | 80 |
| Tree of Life | 1 | 340 | / | 185 |
| total: | 75 | 6370g | / | 3470w |
| 0:02 | Peasant |
| 0:02 | Peasant |
| 0:02 | Peasant |
| 0:03 | Peasant |
| 0:34 | Farm |
| 0:35 | Altar of Kings |
| 0:50 | Barracks |
| 0:59 | Peasant |
| 1:10 | Lumber Mill |
| 1:13 | Peasant |
| 1:21 | Farm |
| 1:24 | Peasant |
| 1:44 | Peasant |
| 1:44 | Peasant |
| 1:58 | Footman |
| 2:00 | Farm |
| 2:04 | Peasant |
| 2:17 | Footman |
| 2:41 | Summon Water Elemental |
| 2:46 | Farm |
| 3:10 | Keep |
| 3:45 | Scout Tower |
| 3:47 | Scout Tower |
| 4:06 | Town Hall |
| 4:14 | Footman |
| 4:25 | Arcane Tower |
| 4:26 | Guard Tower |
| 4:29 | Scout Tower |
| 4:29 | Scout Tower |
| 5:01 | Peasant |
| 5:01 | Peasant |
| 5:24 | Footman |
| 5:31 | Defend |
| 5:50 | Brilliance Aura |
| 6:10 | Keep |
| 6:17 | Guard Tower |
| 6:47 | Guard Tower |
| 6:48 | Improved Lumber Harvesting |
| 6:49 | Improved Masonry |
| 7:16 | Peasant |
| 7:16 | Peasant |
| 7:16 | Peasant |
| 7:20 | Scout Tower |
| 7:21 | Scout Tower |
| 7:45 | Footman |
| 7:45 | Footman |
| 8:06 | Blacksmith |
| 8:11 | Summon Water Elemental |
| 8:53 | Castle |
| 9:05 | Arcane Tower |
| 9:08 | Arcane Tower |
| 9:10 | Arcane Tower |
| 9:12 | Farm |
| 9:12 | Farm |
| 9:28 | Advanced Lumber Harvesting |
| 9:28 | Advanced Masonry |
| 9:34 | Workshop |
| 9:38 | Arcane Sanctum |
| 9:51 | Scout Tower |
| 10:00 | Holy Light |
| 10:18 | Workshop |
| 10:27 | Farm |
| 11:18 | Mortar Team |
| 11:21 | Priest Adept Training |
| 11:21 | Priest |
| 11:21 | Sorceress |
| 11:21 | Sorceress Adept Training |
| 11:29 | Tome of Retraining |
| 11:29 | Retrain Hero |
| 11:31 | Blizzard |
| 11:32 | Brilliance Aura |
| 11:54 | Animal War Training |
| 12:07 | Flying Machine |
| 12:18 | Imbued Masonry |
| 12:30 | Storm Bolt |
| 12:49 | Divine Shield |
| 13:21 | Priest Master Training |
| 13:21 | Priest |
| 13:21 | Priest |
| 13:22 | Sorceress |
| 13:22 | Sorceress |
| 13:49 | Scout Tower |
| 13:49 | Scout Tower |
| 13:49 | Scout Tower |
| 13:49 | Scout Tower |
| 13:50 | Scout Tower |
| 14:01 | Priest |
| 14:14 | Scout Tower |
| 14:14 | Scout Tower |
| 14:14 | Scout Tower |
| 14:15 | Scout Tower |
| 14:15 | Scout Tower |
| 14:19 | Arcane Tower |
| 14:20 | Guard Tower |
| 14:35 | Flak Cannons |
| 14:36 | Flying Machine |
| 15:18 | Town Hall |
| 15:22 | Flying Machine |
| 15:22 | Flying Machine |
| 15:24 | Sorceress Master Training |
| 16:06 | Flying Machine Bombs |
| 16:22 | Guard Tower |
| 16:27 | Scout Tower |
| 16:28 | Scout Tower |
| 16:31 | Scout Tower |
| 17:36 | Flying Machine |
| 17:36 | Flying Machine |
| 17:36 | Flying Machine |
| 17:54 | Studded Leather Armor |
| 17:54 | Black Gunpowder |
| 18:47 | Brilliance Aura |
| 18:53 | Flying Machine |
| 18:53 | Flying Machine |
| 19:40 | Guard Tower |
| 19:42 | Arcane Tower |
| 19:43 | Scout Tower |
| 19:43 | Scout Tower |
| 19:44 | Scout Tower |
| 19:44 | Scout Tower |
| 19:47 | Guard Tower |
| 19:49 | Arcane Tower |
| 19:50 | Guard Tower |
| 19:53 | Guard Tower |
| 19:58 | Flying Machine |
| 19:58 | Flying Machine |
| 20:25 | Guard Tower |
| 20:38 | Arcane Tower |
| 20:56 | Reinforced Leather Armor |
| 20:56 | Refined Gunpowder |
| 21:28 | Town Hall |
| 21:30 | Guard Tower |
| 21:33 | Scout Tower |
| 21:33 | Scout Tower |
| 21:55 | Wisp |
| 21:55 | Wisp |
| 21:55 | Wisp |
| 21:55 | Wisp |
| 21:55 | Wisp |
| 22:25 | Ancient Protector |
| 22:47 | Scroll of Town Portal |
| 22:48 | Potion of Lesser Invulnerability |
| 23:01 | Guard Tower |
| 23:47 | Flying Machine |
| 23:47 | Flying Machine |
| 23:49 | Priest |
| 23:49 | Sorceress |
| 23:49 | Priest |
| 23:52 | Guard Tower |
| 24:17 | Scout Tower |
| 24:17 | Scout Tower |
| 24:18 | Scout Tower |
| 24:18 | Scout Tower |
| 24:18 | Scout Tower |
| 24:30 | Scout Tower |
| 24:30 | Scout Tower |
| 24:30 | Scout Tower |
| 24:30 | Scout Tower |
| 24:30 | Scout Tower |
| 24:37 | Scout Tower |
| 24:38 | Scout Tower |
| 24:38 | Scout Tower |
| 25:03 | Strength of the Wild |
| 25:04 | Reinforced Hides |
| 25:34 | Guard Tower |
| 25:35 | Guard Tower |
| 26:47 | Flying Machine |
| 26:47 | Flying Machine |
| 26:50 | Sorceress |
| 26:50 | Sorceress |
| 26:51 | Sorceress |
| 26:55 | Peasant |
| 26:55 | Peasant |
| 26:56 | Guard Tower |
| 27:11 | Tree of Life |
| 27:12 | Guard Tower |
| 27:13 | Guard Tower |
| 27:15 | Scout Tower |
| 27:15 | Scout Tower |
| 27:47 | Scout Tower |
| 27:47 | Scout Tower |
| 27:47 | Scout Tower |
| 27:48 | Scout Tower |
| 27:48 | Scout Tower |
| 28:31 | Guard Tower |
| 28:54 | Town Hall |
| 28:56 | Arcane Tower |
| 28:58 | Guard Tower |
| 29:24 | Wisp |
| 29:25 | Wisp |
| 29:25 | Wisp |
| 29:50 | Scout Tower |
| 29:51 | Scout Tower |
| 31:18 | Bash |
| 31:51 | Flying Machine |
| 31:51 | Flying Machine |
| 31:51 | Flying Machine |
| 31:51 | Flying Machine |
| 32:04 | Wisp |
| 32:04 | Wisp |
| 32:13 | Magic Sentry |
| 32:53 | Guard Tower |
| 33:15 | Scroll of Town Portal |
| 33:16 | Staff of Teleportation |
| 34:03 | Scout Tower |
| 34:03 | Scout Tower |
| 34:03 | Scout Tower |
| 34:12 | Town Hall |
| 34:41 | Town Hall |
| 34:47 | Flying Machine |
| 34:47 | Flying Machine |
| 34:47 | Flying Machine |
| 34:51 | Guard Tower |
| 35:28 | Farm |
| 35:57 | Flying Machine |
| 35:57 | Flying Machine |
| 35:59 | Sorceress |
| 35:59 | Sorceress |
| 36:16 | Town Hall |
| 36:42 | Force of Nature |
| 36:48 | Sorceress |
| 36:49 | Sorceress |
| 37:04 | Flying Machine |
| 37:04 | Flying Machine |
| Select group | 996 |
| Right click | 957 |
| Select | 798 |
| Misc. action | 273 |
| Build/train/purchase | 224 |
| Use ability | 83 |
| Assign group | 69 |
| Resource trade | 24 |
| Esc | 20 |
| Minimap ping | 17 |
| Item give/drop | 2 |


| Potion of Lesser Invulnerability | 1 | 150 |
| total: | 1 | 150g |
| Wisp | 21 | 1260 | / | 0 |
| Archer | 6 | 780 | / | 60 |
| Hippogryph | 6 | 960 | / | 120 |
| Chimaera | 6 | 1980 | / | 420 |
| total: | 39 | 4980g | / | 600w |
| Ancient Protector | 3 | 405 | / | 240 |
| Altar of Elders | 1 | 180 | / | 50 |
| Moon Well | 7 | 1260 | / | 280 |
| Ancient of War | 1 | 150 | / | 60 |
| Ancient of Wonders | 1 | 90 | / | 30 |
| Hunter's Hall | 1 | 210 | / | 100 |
| Tree of Life | 1 | 340 | / | 185 |
| Ancient of Wind | 2 | 300 | / | 280 |
| Chimaera Roost | 2 | 280 | / | 380 |
| Tree of Ages | 1 | 320 | / | 180 |
| Tree of Eternity | 1 | 330 | / | 200 |
| total: | 19 | 3215g | / | 1605w |
| 0:04 | Wisp |
| 0:04 | Wisp |
| 0:10 | Altar of Elders |
| 0:17 | Moon Well |
| 0:21 | Moon Well |
| 0:28 | Ancient of War |
| 0:39 | Wisp |
| 0:57 | Wisp |
| 1:13 | Moon Well |
| 1:18 | Wisp |
| 1:31 | Archer |
| 1:37 | Wisp |
| 1:50 | Archer |
| 1:56 | Wisp |
| 2:08 | Archer |
| 2:21 | Wisp |
| 2:21 | Wisp |
| 2:38 | Force of Nature |
| 2:47 | Archer |
| 2:52 | Wisp |
| 2:53 | Wisp |
| 3:56 | Archer |
| 3:57 | Archer |
| 4:19 | Moon Well |
| 4:21 | Ancient of Wonders |
| 4:23 | Moon Well |
| 4:59 | Hunter's Hall |
| 5:25 | Tree of Ages |
| 6:29 | Entangling Roots |
| 6:46 | Ultravision |
| 6:47 | Reinforced Hides |
| 6:47 | Strength of the Wild |
| 7:49 | Tree of Eternity |
| 7:51 | Improved Bows |
| 8:05 | Ancient of Wind |
| 8:07 | Ancient of Wind |
| 8:14 | Entangling Roots |
| 8:20 | Potion of Lesser Invulnerability |
| 8:51 | Scout |
| 9:41 | Hippogryph |
| 9:41 | Hippogryph |
| 9:41 | Hippogryph |
| 10:25 | Nature's Blessing |
| 10:30 | Chimaera Roost |
| 10:31 | Chimaera Roost |
| 11:16 | Hippogryph |
| 11:53 | Well Spring |
| 11:54 | Improved Reinforced Hides |
| 11:54 | Improved Strength of the Wild |
| 12:02 | Chimaera |
| 12:02 | Corrosive Breath |
| 12:04 | Chimaera |
| 12:19 | Wisp |
| 12:19 | Wisp |
| 12:39 | Moon Well |
| 12:40 | Moon Well |
| 13:08 | Marksmanship |
| 13:52 | Hippogryph |
| 14:42 | Chimaera |
| 15:35 | Tree of Life |
| 15:42 | Chimaera |
| 16:41 | Wisp |
| 16:41 | Wisp |
| 16:41 | Wisp |
| 17:43 | Chimaera |
| 17:44 | Chimaera |
| 18:13 | Wisp |
| 18:14 | Wisp |
| 18:14 | Wisp |
| 18:14 | Wisp |
| 18:14 | Wisp |
| 18:17 | Ancient Protector |
| 18:18 | Ancient Protector |
| 18:18 | Ancient Protector |
| 19:07 | Trueshot Aura |
| 20:10 | Hippogryph |
| Select group | 470 |
| Right click | 314 |
| Select | 188 |
| Misc. action | 97 |
| Build/train/purchase | 78 |
| Assign group | 38 |
| Use ability | 20 |
| Minimap ping | 10 |
| Item give/drop | 2 |


| Healing Salve | 3 | 300 |
| Lesser Clarity Potion | 5 | 350 |
| Orb of Lightning | 1 | 375 |
| Scroll of Town Portal | 1 | 350 |
| Potion of Lesser Invulnerability | 1 | 150 |
| total: | 11 | 1525g |
| Peon | 21 | 1575 | / | 0 |
| Troll Headhunter | 14 | 1960 | / | 280 |
| Troll Batrider | 10 | 1600 | / | 400 |
| Demolisher | 10 | 2200 | / | 500 |
| Wind Rider | 21 | 5565 | / | 840 |
| Troll Berserker | 7 | 980 | / | 140 |
| Raider | 1 | 180 | / | 40 |
| Hippogryph | 22 | 3520 | / | 440 |
| Chimaera | 13 | 4290 | / | 910 |
| Knight | 17 | 4165 | / | 1020 |
| Priest | 6 | 810 | / | 60 |
| Sorceress | 6 | 930 | / | 120 |
| Flying Machine | 6 | 600 | / | 180 |
| Mortar Team | 7 | 1260 | / | 490 |
| Peasant | 4 | 300 | / | 0 |
| total: | 165 | 29935g | / | 5420w |
| Watch Tower | 25 | 2750 | / | 2000 |
| Altar of Storms | 1 | 180 | / | 50 |
| Orc Burrow | 6 | 960 | / | 240 |
| War Mill | 2 | 410 | / | 0 |
| Barracks | 3 | 540 | / | 150 |
| Voodoo Lounge | 2 | 260 | / | 60 |
| Great Hall | 7 | 2695 | / | 1295 |
| Beastiary | 4 | 580 | / | 560 |
| Stronghold | 2 | 630 | / | 380 |
| Fortress | 1 | 325 | / | 190 |
| Scout Tower | 2 | 60 | / | 40 |
| Moon Well | 2 | 360 | / | 80 |
| Workshop | 1 | 140 | / | 140 |
| total: | 55 | 8935g | / | 4615w |
| 0:03 | Peon |
| 0:03 | Peon |
| 0:03 | Peon |
| 0:12 | Altar of Storms |
| 0:32 | Orc Burrow |
| 0:46 | War Mill |
| 0:48 | Peon |
| 1:03 | Barracks |
| 1:25 | Peon |
| 1:57 | Orc Burrow |
| 2:04 | Troll Headhunter |
| 2:11 | Voodoo Lounge |
| 2:25 | Troll Headhunter |
| 2:34 | Shockwave |
| 2:37 | Troll Headhunter |
| 2:50 | Troll Headhunter |
| 3:00 | Troll Headhunter |
| 3:10 | Peon |
| 3:15 | Orc Burrow |
| 3:43 | Troll Headhunter |
| 3:53 | Troll Headhunter |
| 4:00 | Endurance Aura |
| 4:05 | Troll Headhunter |
| 4:25 | Stronghold |
| 4:53 | Troll Headhunter |
| 5:01 | Troll Headhunter |
| 5:22 | Troll Headhunter |
| 5:37 | Endurance Aura |
| 5:45 | Troll Headhunter |
| 5:53 | Troll Headhunter |
| 6:06 | Troll Headhunter |
| 6:13 | Orc Burrow |
| 7:04 | Barracks |
| 7:08 | Beastiary |
| 7:24 | Peon |
| 7:24 | Peon |
| 7:24 | Peon |
| 7:46 | Shockwave |
| 8:00 | Reinforced Defenses |
| 8:03 | Beastiary |
| 8:09 | Healing Salve |
| 8:09 | Healing Salve |
| 8:10 | Lesser Clarity Potion |
| 8:10 | Lesser Clarity Potion |
| 8:14 | Troll Batrider |
| 8:36 | Healing Wave |
| 8:52 | Demolisher |
| 9:18 | Orc Burrow |
| 9:35 | Hex |
| 9:50 | Fortress |
| 9:53 | Orc Burrow |
| 10:26 | Watch Tower |
| 10:31 | Watch Tower |
| 10:57 | Demolisher |
| 11:16 | Wind Rider |
| 11:23 | Endurance Aura |
| 11:35 | Watch Tower |
| 11:58 | Lesser Clarity Potion |
| 12:00 | Scroll of Town Portal |
| 12:03 | Healing Salve |
| 12:13 | Great Hall |
| 12:19 | Burning Oil |
| 12:42 | Watch Tower |
| 13:05 | Lesser Clarity Potion |
| 13:08 | Lesser Clarity Potion |
| 13:26 | Demolisher |
| 14:03 | Great Hall |
| 14:35 | Peon |
| 14:45 | Peon |
| 14:45 | Peon |
| 15:13 | Berserker Upgrade |
| 15:13 | Troll Regeneration |
| 15:15 | Envenomed Spears |
| 15:56 | Demolisher |
| 15:57 | Wind Rider |
| 16:37 | Steel Ranged Weapons |
| 17:29 | Orb of Lightning |
| 17:44 | Demolisher |
| 17:49 | Thorium Ranged Weapons |
| 17:53 | Peon |
| 17:54 | Peon |
| 18:14 | Watch Tower |
| 18:15 | Watch Tower |
| 18:18 | Peon |
| 18:54 | Demolisher |
| 19:16 | Demolisher |
| 19:47 | Great Hall |
| 21:01 | Great Hall |
| 21:20 | Hippogryph |
| 21:20 | Hippogryph |
| 21:20 | Hippogryph |
| 21:22 | Chimaera |
| 21:23 | Hippogryph |
| 22:14 | Watch Tower |
| 22:15 | Watch Tower |
| 22:28 | Hippogryph |
| 22:44 | Healing Wave |
| 23:05 | Watch Tower |
| 23:07 | Watch Tower |
| 23:10 | Watch Tower |
| 23:27 | Watch Tower |
| 23:37 | Hippogryph |
| 23:52 | Peon |
| 23:52 | Peon |
| 23:52 | Peon |
| 23:53 | Peon |
| 24:12 | Peon |
| 24:12 | Peon |
| 25:06 | Moon Well |
| 25:07 | Moon Well |
| 25:20 | Hippogryph |
| 25:51 | Troll Batrider |
| 25:51 | Troll Batrider |
| 25:51 | Troll Batrider |
| 25:51 | Troll Batrider |
| 25:52 | Troll Batrider |
| 25:55 | Troll Batrider |
| 25:55 | Troll Batrider |
| 26:05 | Hippogryph |
| 26:06 | Hippogryph |
| 26:06 | Hippogryph |
| 27:17 | Strength of the Moon |
| 27:18 | Moon Armor |
| 27:21 | Hippogryph |
| 28:11 | Great Hall |
| 28:37 | Chimaera |
| 31:55 | Chimaera |
| 31:57 | Hippogryph |
| 31:57 | Hippogryph |
| 33:16 | Great Hall |
| 33:23 | War Mill |
| 33:57 | Hippogryph |
| 33:57 | Hippogryph |
| 33:57 | Hippogryph |
| 33:57 | Hippogryph |
| 33:57 | Hippogryph |
| 33:57 | Hippogryph |
| 34:00 | Chimaera |
| 34:00 | Chimaera |
| 34:00 | Chimaera |
| 34:01 | Chimaera |
| 34:01 | Chimaera |
| 34:23 | Stronghold |
| 35:34 | Troll Berserker |
| 35:40 | Chimaera |
| 35:41 | Improved Strength of the Moon |
| 36:04 | Watch Tower |
| 36:06 | Watch Tower |
| 36:08 | Watch Tower |
| 36:09 | Watch Tower |
| 36:11 | Watch Tower |
| 36:16 | Watch Tower |
| 36:17 | Watch Tower |
| 36:19 | Watch Tower |
| 36:23 | Watch Tower |
| 36:25 | Watch Tower |
| 36:28 | Watch Tower |
| 38:12 | Scout Tower |
| 38:16 | Scout Tower |
| 38:25 | Chimaera |
| 38:29 | Beastiary |
| 38:34 | Beastiary |
| 38:54 | Knight |
| 38:55 | Knight |
| 38:55 | Knight |
| 38:55 | Knight |
| 39:16 | Voodoo Lounge |
| 39:39 | Wind Rider |
| 39:40 | Wind Rider |
| 39:40 | Wind Rider |
| 39:40 | Wind Rider |
| 41:30 | Wind Rider |
| 41:37 | Wind Rider |
| 41:45 | Chimaera |
| 41:47 | Hippogryph |
| 41:47 | Hippogryph |
| 41:47 | Hippogryph |
| 42:28 | Troll Berserker |
| 42:30 | Wind Rider |
| 42:47 | Wind Rider |
| 42:47 | Wind Rider |
| 42:52 | Knight |
| 42:52 | Knight |
| 42:57 | Priest |
| 42:57 | Sorceress |
| 42:57 | Priest |
| 42:57 | Sorceress |
| 42:58 | Sorceress |
| 42:58 | Sorceress |
| 42:59 | Flying Machine |
| 43:00 | Mortar Team |
| 43:00 | Mortar Team |
| 43:00 | Mortar Team |
| 43:30 | Demolisher |
| 43:32 | Wind Rider |
| 43:32 | Wind Rider |
| 44:31 | Wind Rider |
| 44:31 | Wind Rider |
| 44:45 | Watch Tower |
| 44:45 | Watch Tower |
| 44:57 | Mortar Team |
| 44:59 | Priest |
| 45:00 | Knight |
| 45:01 | Knight |
| 45:01 | Knight |
| 45:01 | Knight |
| 45:01 | Knight |
| 45:01 | Knight |
| 45:01 | Knight |
| 45:07 | Peasant |
| 45:07 | Peasant |
| 45:08 | Peasant |
| 45:08 | Peasant |
| 46:07 | Wind Rider |
| 46:07 | Wind Rider |
| 47:20 | Hex |
| 47:53 | Troll Berserker |
| 47:53 | Troll Berserker |
| 47:53 | Troll Berserker |
| 47:56 | Barracks |
| 48:05 | Wind Rider |
| 48:05 | Wind Rider |
| 48:08 | Steel Armor |
| 48:22 | Chimaera |
| 48:22 | Chimaera |
| 48:28 | Improved Moon Armor |
| 48:42 | Flying Machine |
| 48:42 | Flying Machine |
| 48:42 | Flying Machine |
| 48:43 | Flying Machine |
| 48:44 | Flying Machine |
| 48:45 | Priest |
| 48:46 | Sorceress |
| 48:46 | Priest |
| 48:46 | Sorceress |
| 48:46 | Priest |
| 48:47 | Knight |
| 48:47 | Knight |
| 48:48 | Knight |
| 48:48 | Knight |
| 49:06 | Great Hall |
| 49:11 | Troll Berserker |
| 49:12 | Troll Berserker |
| 49:14 | Troll Batrider |
| 49:14 | Troll Batrider |
| 49:15 | Raider |
| 49:15 | Wind Rider |
| 49:15 | Wind Rider |
| 50:10 | Mortar Team |
| 50:10 | Mortar Team |
| 50:10 | Mortar Team |
| 50:23 | Demolisher |
| 50:24 | Demolisher |
| 51:18 | Workshop |
| 54:38 | Potion of Lesser Invulnerability |
| Right click | 1627 |
| Select | 1294 |
| Select group | 726 |
| Misc. action | 495 |
| Build/train/purchase | 237 |
| Use ability | 104 |
| Assign group | 20 |
| Item give/drop | 6 |
| Minimap ping | 3 |
| Remove unit | 2 |
| Esc | 1 |
88 units @ 9k
/ 1.3k
124 buildings @ 9.6k
/ 5.1k



| Orb of Lightning | 1 | 375 |
| total: | 1 | 375g |
| Peasant | 16 | 1200 | / | 0 |
| Mortar Team | 4 | 720 | / | 280 |
| Flying Machine | 19 | 1900 | / | 570 |
| total: | 39 | 3820g | / | 850w |
| Scout Tower | 16 | 480 | / | 320 |
| Arcane Tower | 3 | 210 | / | 150 |
| Guard Tower | 9 | 630 | / | 450 |
| Lumber Mill | 1 | 120 | / | 0 |
| Altar of Kings | 1 | 180 | / | 50 |
| Farm | 12 | 960 | / | 240 |
| Blacksmith | 1 | 140 | / | 60 |
| Workshop | 4 | 560 | / | 560 |
| Keep | 1 | 320 | / | 210 |
| Castle | 1 | 360 | / | 210 |
| total: | 35 | 2440g | / | 1230w |
| 0:02 | Peasant |
| 0:07 | Peasant |
| 0:18 | Lumber Mill |
| 0:21 | Altar of Kings |
| 0:23 | Peasant |
| 0:33 | Farm |
| 0:34 | Peasant |
| 0:48 | Scout Tower |
| 0:49 | Peasant |
| 1:11 | Farm |
| 1:18 | Arcane Tower |
| 1:21 | Improved Lumber Harvesting |
| 1:22 | Peasant |
| 1:36 | Peasant |
| 1:50 | Scout Tower |
| 1:53 | Peasant |
| 1:56 | Peasant |
| 2:12 | Scout Tower |
| 2:22 | Peasant |
| 2:25 | Storm Bolt |
| 2:26 | Peasant |
| 2:34 | Guard Tower |
| 2:35 | Scout Tower |
| 2:36 | Scout Tower |
| 3:05 | Scout Tower |
| 3:07 | Scout Tower |
| 3:14 | Scout Tower |
| 3:24 | Storm Bolt |
| 3:36 | Guard Tower |
| 3:40 | Scout Tower |
| 3:53 | Guard Tower |
| 3:55 | Scout Tower |
| 3:55 | Scout Tower |
| 3:58 | Guard Tower |
| 4:21 | Guard Tower |
| 4:58 | Peasant |
| 4:58 | Peasant |
| 5:09 | Guard Tower |
| 5:50 | Scout Tower |
| 5:52 | Scout Tower |
| 6:16 | Guard Tower |
| 6:22 | Scout Tower |
| 6:25 | Keep |
| 6:29 | Guard Tower |
| 6:40 | Scout Tower |
| 6:41 | Scout Tower |
| 6:49 | Guard Tower |
| 7:13 | Arcane Tower |
| 7:14 | Arcane Tower |
| 7:27 | Blacksmith |
| 7:47 | Improved Masonry |
| 8:45 | Castle |
| 8:52 | Workshop |
| 8:53 | Workshop |
| 8:54 | Workshop |
| 9:03 | Workshop |
| 9:09 | Advanced Lumber Harvesting |
| 9:09 | Advanced Masonry |
| 9:30 | Black Gunpowder |
| 10:11 | Holy Light |
| 10:14 | Mortar Team |
| 10:16 | Farm |
| 10:17 | Farm |
| 10:17 | Farm |
| 10:53 | Mortar Team |
| 10:54 | Mortar Team |
| 11:02 | Farm |
| 11:04 | Farm |
| 11:09 | Flak Cannons |
| 11:09 | Flare |
| 11:10 | Fragmentation Shards |
| 11:32 | Bash |
| 11:57 | Bash |
| 12:06 | Refined Gunpowder |
| 12:06 | Iron Plating |
| 12:09 | Imbued Masonry |
| 12:43 | Peasant |
| 12:43 | Peasant |
| 12:43 | Peasant |
| 13:32 | Flying Machine |
| 13:32 | Flying Machine |
| 13:32 | Flying Machine |
| 13:33 | Flying Machine |
| 13:33 | Flying Machine |
| 14:01 | Flying Machine |
| 14:18 | Flying Machine |
| 14:20 | Imbued Gunpowder |
| 14:46 | Farm |
| 14:49 | Farm |
| 14:55 | Flying Machine |
| 14:56 | Flying Machine Bombs |
| 15:06 | Farm |
| 15:07 | Farm |
| 15:08 | Farm |
| 15:12 | Flying Machine |
| 15:33 | Flying Machine |
| 15:34 | Flying Machine |
| 15:54 | Steel Plating |
| 16:23 | Flying Machine |
| 16:56 | Flying Machine |
| 18:06 | Flying Machine |
| 19:45 | Mortar Team |
| 19:49 | Storm Bolt |
| 19:51 | Divine Shield |
| 19:52 | Divine Shield |
| 20:08 | Storm Bolt |
| 20:23 | Flying Machine |
| 21:26 | Flying Machine |
| 21:26 | Flying Machine |
| 21:26 | Flying Machine |
| 21:26 | Flying Machine |
| 23:23 | Brilliance Aura |
| 24:24 | Holy Light |
| 25:16 | Holy Light |
| 28:58 | Bash |
| 31:19 | Bash |
| 31:21 | Divine Shield |
| 33:30 | Divine Shield |
| 38:09 | Holy Light |
| 38:56 | Storm Bolt |
| 38:58 | Storm Bolt |
| 44:40 | Resurrection |
| 45:00 | Orb of Lightning |
| 47:00 | Avatar |
| 47:01 | Avatar |
| 47:39 | Devotion Aura |
| Right click | 2617 |
| Select group | 1267 |
| Select | 406 |
| Use ability | 193 |
| Misc. action | 175 |
| Build/train/purchase | 136 |
| Minimap ping | 29 |
| Assign group | 17 |
| Esc | 2 |
| Item give/drop | 1 |
| Remove unit | 1 |
GIGA
(207)
(54:50) : 
| Healing Salve | 1 | 100 |
| Lesser Clarity Potion | 3 | 210 |
| Orb of Lightning | 1 | 375 |
| Scroll of Protection | 1 | 150 |
| Boots of Speed | 1 | 250 |
| Staff of Teleportation | 1 | 150 |
| Orb of Fire | 1 | 325 |
| total: | 9 | 1560g |
| Peon | 16 | 1200 | / | 0 |
| Troll Witch Doctor | 9 | 1305 | / | 225 |
| total: | 25 | 2505g | / | 225w |
| Watch Tower | 12 | 1320 | / | 960 |
| Altar of Storms | 1 | 180 | / | 50 |
| Orc Burrow | 3 | 480 | / | 120 |
| War Mill | 1 | 205 | / | 0 |
| Voodoo Lounge | 1 | 130 | / | 30 |
| Spirit Lodge | 1 | 150 | / | 150 |
| Stronghold | 1 | 315 | / | 190 |
| Fortress | 1 | 325 | / | 190 |
| total: | 19 | 2465g | / | 1310w |
| 0:02 | Peon |
| 0:03 | Peon |
| 0:07 | Altar of Storms |
| 0:11 | Orc Burrow |
| 0:12 | Peon |
| 0:30 | Peon |
| 0:45 | Peon |
| 0:45 | Peon |
| 0:53 | War Mill |
| 1:09 | Peon |
| 1:25 | Voodoo Lounge |
| 1:28 | Peon |
| 1:29 | Peon |
| 1:37 | Peon |
| 1:52 | Orc Burrow |
| 2:04 | Peon |
| 2:11 | Wind Walk |
| 2:55 | Peon |
| 2:55 | Peon |
| 2:55 | Peon |
| 2:56 | Peon |
| 2:57 | Peon |
| 4:12 | Stronghold |
| 4:17 | Watch Tower |
| 4:19 | Watch Tower |
| 4:19 | Watch Tower |
| 5:40 | Watch Tower |
| 5:41 | Watch Tower |
| 5:42 | Watch Tower |
| 6:14 | Healing Salve |
| 6:14 | Lesser Clarity Potion |
| 6:37 | Fortress |
| 7:06 | Watch Tower |
| 7:07 | Watch Tower |
| 7:07 | Watch Tower |
| 7:26 | Spirit Lodge |
| 7:30 | Orc Burrow |
| 8:27 | Critical Strike |
| 8:59 | Witch Doctor Adept Training |
| 9:00 | Troll Witch Doctor |
| 9:00 | Troll Witch Doctor |
| 9:26 | Reinforced Defenses |
| 9:31 | Scroll of Protection |
| 9:32 | Boots of Speed |
| 9:33 | Staff of Teleportation |
| 10:17 | Watch Tower |
| 10:18 | Watch Tower |
| 10:20 | Watch Tower |
| 10:44 | Witch Doctor Master Training |
| 12:10 | Troll Witch Doctor |
| 12:10 | Troll Witch Doctor |
| 12:12 | Troll Witch Doctor |
| 13:05 | Orb of Lightning |
| 17:31 | Wind Walk |
| 18:56 | Critical Strike |
| 19:41 | Troll Witch Doctor |
| 19:41 | Troll Witch Doctor |
| 19:41 | Troll Witch Doctor |
| 19:41 | Troll Witch Doctor |
| 21:31 | Critical Strike |
| 24:57 | Bladestorm |
| 25:22 | Blizzard |
| 25:38 | Lesser Clarity Potion |
| 33:09 | Mirror Image |
| 33:50 | Lesser Clarity Potion |
| 34:11 | Orb of Fire |
| 39:46 | Mirror Image |
| 41:49 | Holy Light |
| 45:21 | Mirror Image |
| 53:37 | Wind Walk |
| Right click | 4405 |
| Select | 307 |
| Build/train/purchase | 129 |
| Resource trade | 98 |
| Use ability | 57 |
| Select group | 39 |
| Minimap ping | 21 |
| Esc | 8 |
| Misc. action | 5 |
| Item give/drop | 4 |
| Assign group | 2 |


| Orb of Fire | 1 | 325 |
| total: | 1 | 325g |
| Peasant | 17 | 1275 | / | 0 |
| Dragonhawk Rider | 7 | 1400 | / | 210 |
| total: | 24 | 2675g | / | 210w |
| Scout Tower | 55 | 1650 | / | 1100 |
| Arcane Tower | 8 | 560 | / | 400 |
| Guard Tower | 26 | 1820 | / | 1300 |
| Altar of Kings | 1 | 180 | / | 50 |
| Farm | 5 | 400 | / | 100 |
| Lumber Mill | 1 | 120 | / | 0 |
| Town Hall | 5 | 1925 | / | 1025 |
| Arcane Vault | 1 | 130 | / | 30 |
| Gryphon Aviary | 1 | 140 | / | 150 |
| Arcane Sanctum | 1 | 150 | / | 140 |
| Keep | 1 | 320 | / | 210 |
| Castle | 1 | 360 | / | 210 |
| total: | 70 | 4695g | / | 2595w |
| 0:06 | Altar of Kings |
| 0:10 | Farm |
| 0:12 | Peasant |
| 0:14 | Peasant |
| 0:19 | Peasant |
| 0:27 | Peasant |
| 0:43 | Peasant |
| 0:43 | Peasant |
| 0:52 | Farm |
| 0:54 | Peasant |
| 1:04 | Lumber Mill |
| 1:29 | Scout Tower |
| 1:35 | Scout Tower |
| 1:39 | Peasant |
| 1:43 | Peasant |
| 1:57 | Scout Tower |
| 2:01 | Peasant |
| 2:23 | Peasant |
| 2:27 | Arcane Tower |
| 2:32 | Peasant |
| 2:43 | Scout Tower |
| 2:44 | Scout Tower |
| 2:57 | Town Hall |
| 3:02 | Town Hall |
| 3:12 | Peasant |
| 3:12 | Peasant |
| 3:15 | Farm |
| 3:21 | Farm |
| 3:29 | Guard Tower |
| 3:48 | Improved Masonry |
| 3:58 | Scout Tower |
| 4:11 | Scout Tower |
| 4:12 | Scout Tower |
| 4:36 | Arcane Tower |
| 4:40 | Scout Tower |
| 4:42 | Guard Tower |
| 4:43 | Guard Tower |
| 4:45 | Scout Tower |
| 4:45 | Scout Tower |
| 5:15 | Arcane Tower |
| 5:16 | Guard Tower |
| 5:19 | Scout Tower |
| 5:19 | Scout Tower |
| 5:25 | Peasant |
| 5:25 | Peasant |
| 5:33 | Scout Tower |
| 5:52 | Guard Tower |
| 5:56 | Scout Tower |
| 5:57 | Scout Tower |
| 6:06 | Scout Tower |
| 6:07 | Scout Tower |
| 6:07 | Scout Tower |
| 6:15 | Guard Tower |
| 6:27 | Scout Tower |
| 6:28 | Scout Tower |
| 6:31 | Guard Tower |
| 6:38 | Peasant |
| 6:43 | Guard Tower |
| 6:48 | Scout Tower |
| 6:49 | Scout Tower |
| 6:51 | Scout Tower |
| 7:04 | Guard Tower |
| 7:06 | Scout Tower |
| 7:07 | Scout Tower |
| 7:18 | Scout Tower |
| 7:25 | Scout Tower |
| 7:41 | Guard Tower |
| 7:44 | Keep |
| 7:53 | Town Hall |
| 7:58 | Scout Tower |
| 8:00 | Scout Tower |
| 8:05 | Arcane Tower |
| 8:12 | Guard Tower |
| 8:16 | Scout Tower |
| 8:36 | Guard Tower |
| 8:43 | Scout Tower |
| 8:44 | Guard Tower |
| 9:01 | Scout Tower |
| 9:02 | Guard Tower |
| 9:12 | Scout Tower |
| 9:14 | Scout Tower |
| 9:20 | Guard Tower |
| 9:28 | Scout Tower |
| 9:46 | Guard Tower |
| 9:48 | Guard Tower |
| 9:51 | Scout Tower |
| 9:52 | Scout Tower |
| 9:52 | Scout Tower |
| 10:17 | Guard Tower |
| 10:32 | Advanced Masonry |
| 10:39 | Scout Tower |
| 10:55 | Scout Tower |
| 10:58 | Castle |
| 11:21 | Scout Tower |
| 11:25 | Guard Tower |
| 11:27 | Scout Tower |
| 11:32 | Holy Light |
| 11:41 | Gryphon Aviary |
| 11:43 | Arcane Vault |
| 11:50 | Arcane Sanctum |
| 11:54 | Guard Tower |
| 11:55 | Guard Tower |
| 12:05 | Guard Tower |
| 12:20 | Scout Tower |
| 12:22 | Scout Tower |
| 12:22 | Scout Tower |
| 12:57 | Arcane Tower |
| 13:01 | Scout Tower |
| 13:02 | Scout Tower |
| 13:03 | Scout Tower |
| 13:11 | Magic Sentry |
| 13:20 | Scout Tower |
| 13:21 | Scout Tower |
| 13:22 | Scout Tower |
| 13:26 | Imbued Masonry |
| 13:33 | Farm |
| 13:41 | Arcane Tower |
| 13:43 | Arcane Tower |
| 14:13 | Cloud |
| 14:28 | Guard Tower |
| 14:30 | Guard Tower |
| 14:44 | Dragonhawk Rider |
| 14:45 | Dragonhawk Rider |
| 16:00 | Scout Tower |
| 16:01 | Guard Tower |
| 16:05 | Arcane Tower |
| 17:56 | Guard Tower |
| 21:32 | Dragonhawk Rider |
| 21:32 | Dragonhawk Rider |
| 27:08 | Dragonhawk Rider |
| 29:46 | Town Hall |
| 33:27 | Town Hall |
| 34:12 | Dragonhawk Rider |
| 34:12 | Dragonhawk Rider |
| 38:02 | Brilliance Aura |
| 45:07 | Orb of Fire |
| 51:30 | Scout Tower |
| 52:00 | Scout Tower |
| Right click | 2296 |
| Select group | 1481 |
| Select | 457 |
| Build/train/purchase | 96 |
| Assign group | 24 |
| Use ability | 24 |
| Resource trade | 17 |
| Minimap ping | 14 |
| Misc. action | 13 |
| Esc | 5 |
| Remove unit | 1 |